 Dungeon Crawl Stone Soup version 0.31-a0-1499-ge0622b2318 (webtiles) character file.

Game seed: 1963451262884890820

47296 Curundu the Severer (level 14, -10/133 HPs)
             Began as a Minotaur Berserker on Dec 29, 2023.
             Was a High Priest of Trog.
             Killed by the air
             ... invoked by a spriggan air mage
              (20 damage)
             ... on level 1 of the Depths.
             The game lasted 00:50:33 (13993 turns).

Curundu the Severer (Minotaur Berserker)           Turns: 13993, Time: 00:50:34

Health: -10/133    AC: 18    Str: 33    XL:     14   Next: 8%
Magic:  13/13      EV: 20    Int: 10    God:    Trog [*****.]
Gold:   1373       SH: 11    Dex: 16    Spells: 13/13 levels left

rFire   . . .        f - +7 broad axe of the Forest {pain, Str+3 Dex+5}
rCold   . . .        a - +0 kite shield
rNeg    . . .        W - +5 ring mail of Space {Str+4}
rPois   .            (helmet restricted)
rElec   .            C - +1 cloak
rCorr   .            (no gloves)
SInv    .            d - +2 pair of boots
Will    +....        k - amulet of the acrobat
Stlth   ++           M - ring of Qeneac {*Slow +Blink Fly Int+6}
HPRegen 0.42/turn    P - +5 ring of evasion
MPRegen 0.13/turn

%: slow self (1%), acrobat
@: on berserk cooldown, flying, slowed, very slow
A: horns 2, retaliatory headbutt
a: Renounce Religion, Evoke Blink, Berserk, Trog's Hand, Brothers in Arms


You were on level 1 of the Depths.
You worshipped Trog.
Trog was extremely pleased with you.
You visited 2 branches of the dungeon, and saw 14 of its levels.

You collected 1457 gold pieces.
You spent 84 gold pieces at shops.

Inventory:

Hand Weapons
 f - the +7 broad axe of the Forest (weapon) {pain, Str+3 Dex+5}
   (You acquired it on level 10 of the Dungeon)

   Str+3:     It affects your strength (+3).
   Dex+5:     It affects your dexterity (+5).
 i - the +8 war axe of Past Mistakes {speed, +Blink rElec rPois rF+}
   (You found it on level 2 of the Dungeon)

   rF+:       It protects you from fire.
   rElec:     It insulates you from electricity.
   rPois:     It protects you from poison +Blink: It lets you blink.
Missiles
 v - 2 poisoned darts
 y - 7 boomerangs (quivered)
 F - 4 javelins
Armour
 a - a +0 kite shield (worn)
 d - a +2 pair of boots (worn)
 r - quicksilver dragon scales
 C - a +1 cloak (worn)
 W - the +5 ring mail of Space (worn) {Str+4}
   (You found it on level 14 of the Dungeon)

   Str+4:     It affects your strength (+4).
Jewellery
 b - a ring of resist corrosion
 k - an amulet of the acrobat (around neck)
 M - the ring of Qeneac (left hand) {*Slow +Blink Fly Int+6}
   (You found it on level 10 of the Dungeon)

   [ring of intelligence]

   Int+6:     It affects your intelligence (+6).
   Fly:       It grants you flight.
   +Blink:    It lets you blink.
   *Slow:     It may slow you when you take damage.
 P - a +5 ring of evasion (right hand)
 R - an amulet of reflection
Wands
 p - a wand of flame (61)
 q - a wand of digging (1)
 s - a wand of roots (16)
 A - a wand of polymorph (1)
 G - a wand of paralysis (10)
 Q - a wand of quicksilver (4)
 T - a wand of mindburst (8)
Scrolls
 e - 2 scrolls of noise
 g - a scroll of fog {unknown}
 h - 6 scrolls of teleportation
 j - 3 scrolls of brand weapon
 u - 4 scrolls of enchant weapon {unknown}
 w - 2 scrolls of blinking
 z - a scroll of vulnerability {unknown}
 E - 2 scrolls of revelation
 L - 2 scrolls of silence
 N - 2 scrolls of poison {unknown}
 O - 3 scrolls of amnesia
 U - 2 scrolls of fear {unknown}
 V - a scroll of summoning {unknown}
Potions
 c - 2 potions of berserk rage
 m - 2 potions of resistance {unknown}
 n - a potion of attraction {unknown}
 o - 4 potions of curing {unknown}
 t - 2 potions of brilliance {unknown}
 B - 3 potions of might {unknown}
 D - 2 potions of cancellation {unknown}
 H - 2 potions of mutation {unknown}
 I - 2 potions of haste {unknown}
 J - a potion of degeneration {unknown}
 K - a potion of invisibility {unknown}
 S - a potion of ambrosia {unknown}
 X - a potion of lignification {unknown}
Miscellaneous
 x - a phantom mirror


   Skills:
 + Level 14.3 Fighting
 + Level 19.1(19.4) Axes
 + Level 5.6(13.7) Polearms
 + Level 1.9 Throwing
 + Level 10.6 Armour
 + Level 8.6 Dodging
 + Level 3.5 Stealth
 + Level 8.2 Shields


You had 13 spell levels left.
You didn't know any spells.
Your spell library was empty.

Dungeon Overview and Level Annotations

Branches:
Dungeon (15/15)              Lair (0/5) D:8             Orc (0/2) D:11
 Vaults (0/5) D:14         Depths (1/4) D:15
 Temple: D:4-7

Altars:
Ashenzari
Cheibriados
Elyvilon
Gozag
Makhleb
Okawaru
Uskayaw
Wu Jian
Yredelemnul
Zin
The Shining One

Shops:
D:10 ?   D:15 *

Portals:
Trove: D:14 (give 4 scrolls of blinking)

Annotations:
D:9 exclusion: obsidian statue


Innate Abilities, Weirdness & Mutations

You have a pair of horns on your head.
You reflexively headbutt those who attack you in melee.


Message History

You slice something!! Trog accepts your kill.
Trog appreciates your killing of a magic user.
Reactivating autopickup.
The necrophage disappears in a puff of smoke!
The phantasmal warrior disappears in a puff of smoke!
You feel a bit more experienced. The jiangshi barely misses you.
You furiously retaliate!
You headbutt the jiangshi!
You feel the power of Trog in you as your rage grows.
You destroy the jiangshi!
Trog accepts your kill. You block the jiangshi's attack.
The jiangshi claws you.
* * * LOW HITPOINT WARNING * * *
The jiangshi draws strength from your injuries!
You slash the jiangshi!
The jiangshi is heavily damaged.
You block the jiangshi's attack. x2
You slice the jiangshi!!
You headbutt the jiangshi, but do no damage.
The jiangshi is almost destroyed.
You block the jiangshi's attack.
The jiangshi claws you but does no damage.
You slash the jiangshi!
You destroy the jiangshi!
Trog accepts your kill.
Your life force feels restored.
You start resting.
You feel a strong urge to attack something.
You start resting.
You feel your anger nearly subside.
You are no longer berserk.
You are exhausted.
You feel yourself slow down.
You see here a +0 robe.
A spriggan air mage comes into view.
You completely miss the spriggan air mage.
You headbutt the spriggan air mage!
The spriggan air mage is moderately wounded.
The spriggan air mage waves its arms in wide circles.
The air twists around and strikes you!!
You die...

#......##..#
#......##..##.
######............
#...##...........y
#.................
#..........##+####
#..........#
#.....[..i.#
#........@.#
#..........#
#..........#
#..........#
#........./#
#..........#
#..........+
#..........#


You could see a spriggan air mage (repels missiles).

Vanquished Creatures
  Kirke (D:13)
  A war gargoyle (D:13)
  An ettin (D:14)
  2 jiangshi (Depths:1)
  2 hydras (D:14)
  2 rakshasas (D:15)
  A boulder beetle (D:11)
  6 centaur warriors
  A vampire mage (Depths:1)
  3 tengu warriors
  6 two-headed ogres
  Sonja (D:12)
  Nergalle (D:10)
  4 skeletal warriors (D:15)
  A shadow wraith (D:14)
  A necromancer (D:15)
  Pikel (D:9)
  A deep elf pyromancer (D:15)
  An orc sorcerer (D:15)
  6 cyclopes
  6 ugly things
  3 meliai (D:15)
  2 centaur zombies (D:10)
  A gargoyle (D:12)
  A torpor snail (shapeshifter) (D:14)
  2 unseen horrors (D:13)
  4 centaur skeletons
  Jeremiah (D:6)
  A komodo dragon (D:10)
  A kobold demonologist (D:14)
  An unseen horror zombie (D:8)
  4 tengu conjurers
  A harpy zombie (D:15)
  3 trolls
  2 hornets (D:9)
  Grinder (D:6)
  3 wraiths
  Sigmund (D:2)
  A centaur simulacrum (D:10)
  A vampire (D:10)
  A human (D:11)
  2 wyverns
  3 shadows
  A basilisk (D:15)
  23 yaks
  Grum (D:10)
  5 hogs
  A steam dragon (D:9)
  Edmund (D:6)
  12 vampire mosquitoes
  3 acid dragons
  2 meliai simulacra (D:15)
  2 ice beasts (D:6)
  A sky beast (D:6)
  8 orc warriors
  2 black bears
  An ogre (D:6)
  5 boggarts
  4 wolves (D:10)
  10 centaurs
  4 lemures (D:9)
  2 bullfrogs (D:8)
  2 kobold brigands (D:9)
  6 necrophages (D:8)
  3 gnoll sergeants (D:8)
  2 wyvern zombies (D:8)
  18 wights
  A killer bee (D:9)
  2 howler monkeys
  6 electric eels (D:6)
  2 lava snakes (D:13)
  A jelly (D:6)
  5 orc priests
  A human zombie (D:8)
  9 orc wizards
  2 howler monkey zombies (D:8)
  An adder (D:6)
  3 ribbon worms
  2 white imps
  4 ufetubi
  2 dart slugs
  29 orcs
  8 ball pythons
  3 bats (D:1)
  5 endoplasms
  A giant cockroach (D:2)
  2 hobgoblins (D:1)
  2 quokkas (D:1)
  4 goblins
  6 kobolds
  6 rats
315 creatures vanquished.

Vanquished Creatures (others)
  2 humans (D:13)
2 creatures vanquished.

Grand Total: 317 creatures vanquished

Notes
Turn   | Place    | Note
-------+----------+-------------------------------------------
     0 | D:1      | Curundu the Minotaur Berserker began the quest for the Orb.
     0 | D:1      | Reached XP level 1. HP: 19/19 MP: 0/0
   165 | D:1      | Reached XP level 2. HP: 27/27 MP: 1/1
   698 | D:2      | Reached XP level 3. HP: 26/33 MP: 2/2
   809 | D:2      | Noticed Sigmund
   843 | D:2      | Killed Sigmund
   844 | D:2      | Reached skill level 5 in Polearms
   844 | D:2      | Reached XP level 4. HP: 38/41 MP: 3/3
   844 | D:2      | Reached XP level 5. HP: 43/47 MP: 4/4
   928 | D:2      | Identified the +8 war axe of Past Mistakes {speed, +Blink
                  | rElec rPois rF+}
  1161 | D:2      | Reached ** piety under Trog
  1389 | D:3      | Reached XP level 6. HP: 45/55 MP: 5/5
  1440 | D:3      | Reached skill level 1 in Axes
  1492 | D:3      | You fall into a shaft and drop 3 floors!
  1492 | D:6      | Found a burning altar of Makhleb.
  1495 | D:6      | Noticed an ice beast
  1496 | D:6      | Noticed a sky beast
  1502 | D:6      | Killed an ice beast
  1503 | D:6      | Reached skill level 2 in Axes
  1503 | D:6      | Reached skill level 5 in Armour
  1509 | D:6      | Killed a sky beast
  1510 | D:6      | Reached skill level 5 in Fighting
  1599 | D:6      | Reached skill level 3 in Axes
  1637 | D:6      | Reached XP level 7. HP: 58/61 MP: 6/6
  1690 | D:6      | Reached skill level 4 in Axes
  1726 | D:6      | Noticed Grinder
  1731 | D:6      | Paralysed by Grinder for 3 turns
  1737 | D:6      | Killed Grinder
  1738 | D:6      | Reached skill level 5 in Axes
  1794 | D:6      | Reached skill level 6 in Axes
  1837 | D:6      | Noticed Edmund
  1846 | D:6      | Killed Edmund
  1847 | D:6      | Reached XP level 8. HP: 49/70 MP: 7/7
  1940 | D:6      | Noticed Jeremiah
  1964 | D:6      | Killed Jeremiah
  1965 | D:6      | Reached skill level 7 in Axes
  2073 | D:6      | Reached skill level 8 in Axes
  2382 | D:6      | Reached skill level 9 in Axes
  2658 | D:6      | Reached XP level 9. HP: 78/78 MP: 8/8
  2958 | D:7      | Reached *** piety under Trog
  3223 | D:7      | Found a white marble altar of Elyvilon.
  3294 | D:7      | Noticed a troll
  3302 | D:7      | Killed a troll
  3303 | D:7      | Reached skill level 10 in Axes
  3303 | D:7      | Reached skill level 1 in Stealth
  3818 | D:7      | Noticed a two-headed ogre
  3828 | D:7      | Killed a two-headed ogre
  3829 | D:7      | Reached skill level 11 in Axes
  3860 | D:7      | Noticed a two-headed ogre
  3878 | D:7      | Killed a two-headed ogre
  4201 | D:8      | Reached XP level 10. HP: 84/88 MP: 9/9
  4212 | D:8      | Reached skill level 12 in Axes
  4212 | D:8      | Reached skill level 5 in Dodging
  4366 | D:8      | Found a staircase to the Lair.
  4797 | D:8      | Reached skill level 13 in Axes
  4800 | D:8      | Reached **** piety under Trog
  5040 | D:8      | Found a basalt altar of Yredelemnul.
  5069 | D:8      | Reached skill level 1 in Shields
  5176 | D:8      | Found a snail-covered altar of Cheibriados.
  5241 | D:9      | Noticed an obsidian statue
  5248 | D:9      | Noticed an orange demon
  5293 | D:9      | Found a broken altar of Ashenzari.
  5649 | D:9      | Found an opulent altar of Gozag.
  5706 | D:9      | Reached skill level 14 in Axes
  5727 | D:9      | Noticed a centaur warrior
  5732 | D:9      | Killed a centaur warrior
  5733 | D:9      | Reached skill level 10 in Fighting
  5733 | D:9      | Reached XP level 11. HP: 92/99 MP: 10/10
  5893 | D:9      | Noticed a two-headed ogre
  5898 | D:9      | Killed a two-headed ogre
  5920 | D:9      | Noticed a centaur warrior
  5931 | D:9      | Killed a centaur warrior
  6195 | D:9      | Reached skill level 15 in Axes
  6213 | D:9      | Noticed Pikel
  6226 | D:9      | Killed Pikel
  6244 | D:9      | Reached ***** piety under Trog
  7224 | D:9      | Noticed a sun demon
  7397 | D:10     | Entered Level 10 of the Dungeon
  7440 | D:10     | Noticed Nergalle
  7445 | D:10     | Killed Nergalle
  7594 | D:10     | Found a hide-covered altar of Uskayaw.
  7607 | D:10     | Noticed Grum
  7626 | D:10     | Killed Grum
  7707 | D:10     | Reached skill level 16 in Axes
  7707 | D:10     | Reached XP level 12. HP: 88/110 MP: 11/11
  7709 | D:10     | Identified the ring of Qeneac {*Slow +Blink Fly Int+6}
  7957 | D:10     | Found Alexupok's Magic Scroll Emporium.
  7996 | D:10     | Bought a scroll of identify for 28 gold pieces
  7996 | D:10     | Bought a scroll of identify for 28 gold pieces
  7996 | D:10     | Bought a scroll of identify for 28 gold pieces
  8006 | D:10     | Identified a scroll of acquirement
  8007 | D:10     | Acquired the +7 broad axe of the Forest {pain, Str+3 Dex+5}
  8066 | D:10     | Found an ornate altar of the Wu Jian Council.
  8074 | D:10     | Found a glowing golden altar of the Shining One.
  8311 | D:11     | Found an iron altar of Okawaru.
  8311 | D:11     | Noticed a tengu reaver
  8311 | D:11     | Noticed a tengu reaver
  8311 | D:11     | Noticed a tengu warrior
  8311 | D:11     | Noticed a tengu warrior
  8311 | D:11     | Noticed a two-headed ogre
  8311 | D:11     | Noticed an ettin
  8311 | D:11     | Noticed an ettin
  8311 | D:11     | Noticed a two-headed ogre
  8317 | D:11     | Killed a two-headed ogre
  8322 | D:11     | Killed a two-headed ogre
  8324 | D:11     | Killed a tengu warrior
  8327 | D:11     | Killed a tengu warrior
  8741 | D:11     | Reached skill level 17 in Axes
  8783 | D:11     | Noticed a boulder beetle
  8796 | D:11     | Killed a boulder beetle
  8941 | D:11     | Reached skill level 5 in Shields
  8975 | D:11     | Found a staircase to the Orcish Mines.
  9202 | D:12     | Noticed a two-headed ogre
  9211 | D:12     | Killed a two-headed ogre
  9272 | D:12     | Noticed Sonja
  9278 | D:12     | Killed Sonja
  9402 | D:12     | Received a gift from Trog
  9792 | D:13     | Noticed a centaur warrior
  9795 | D:13     | Noticed a war gargoyle
  9798 | D:13     | Killed a centaur warrior
  9805 | D:13     | Killed a war gargoyle
  9957 | D:13     | Reached XP level 13. HP: 116/119 MP: 12/12
 10117 | D:13     | Noticed Kirke
 10126 | D:13     | Killed Kirke
 10127 | D:13     | Reached skill level 18 in Axes
 10757 | D:14     | Found a portal to a secret trove of treasure.
 10765 | D:14     | Identified the +5 ring mail of Space {Str+4}
 11096 | D:14     | Noticed an ettin
 11110 | D:14     | Killed an ettin
 11303 | D:14     | Found a gate to the Vaults.
 11494 | D:14     | Reached skill level 1 in Throwing
 11660 | D:14     | Reached skill level 10 in Armour
 12100 | D:15     | Entered Level 15 of the Dungeon
 12600 | D:15     | Reached skill level 19 in Axes
 12800 | D:15     | Found a staircase to the Depths.
 13268 | D:15     | Found Zin's Purification Station.
 13499 | D:15     | Found a glowing silver altar of Zin.
 13610 | D:15     | Reached XP level 14. HP: 49/132 MP: 13/13
 13947 | Depths:1 | Entered Level 1 of the Depths
 13973 | Depths:1 | HP: 6/125 [something/bolt of negative energy (34)]
 13978 | Depths:1 | HP: 5/195 [jiangshi[a vampire mage] (6)]
 13993 | Depths:1 | Killed from afar by a spriggan air mage

Illustrated notes

Levels and vault maps discovered:
D:1:      minmay_arrival_three_doors, layout_loops_ring
D:2:      layout_rooms, uniq_sigmund
D:3:      layout_loops_ring
D:6:      layout_loops_ring, bloody_makhleb, serial_bayou_lagoon_b, uniq_edmund,
          uniq_jeremiah, uniq_grinder
D:7:      layout_loops_corners, elyvilon_altar_5, nicolae_phantomly_mirrored
D:8:      minmay_evil_eye, layout_gridville, cheibrodos_worm_habitat,
          lemuel_mausoleum_altar_yredelemnul, dpeg_oklobed_lair, sword_in_stone
D:9:      minmay_imperfect_grid, layout_stronghold, grunt_gozag_statues,
          amcnicky_altar_gilded, grunt_ministairs_9, roderic_serpentine_path,
          minivault_16, uniq_pikel
D:10:     layout_big_octagon, mainiacjoe_overflow_big_doors,
          lemuel_doored_altar, serial_shops, shop, hangedman_weighted_door,
          uniq_nergalle, uniq_grum
D:11:     layout_cave_pools, orc_0_dummy, grunt_livestock,
          minmay_gold_behind_fungi, mainiacjoe_okawaru_digging_arena
D:12:     layout_loops_ring, serial_bayou_crossing, uniq_sonja
D:13:     nicolae_cairo_tiling, layout_loops_ring, st_stairs_6,
          kennysheep_island_fort, uniq_kirke
D:14:     layout_grid_maze, david_vaults_4, minmay_misc_feat_more_columns,
          nicolae_trove_entry_free_sample
D:15:     grunt_enter_depths_magical_seal, layout_loops_cross, zin_purify
Depths:1: layout_gridville, grunt_hell_horde, gammafunk_ghost_ooze,
          rand_demon_pan_entry_7, kennysheep_minor_cross,
          hangedman_abyss_or_decor_jellyfish_corner, hangedman_aviary

Skill      XL: |  1  2  3  4  5  6  7  8  9 10 11 12 13 |
---------------+----------------------------------------+-----
Fighting       | 4 5 6 8 10 11 12 14 | 14.3
Polearms       | 4 5 |  5.6
Armour         | 4 5 6 7 8 9 10 | 10.6
Dodging        | 3 4 5 6 7 8 |  8.6
Axes           | 3 6 9 11 14 16 17 19 | 19.1
Stealth        | 1 2 3 |  3.5
Shields        | 2 3 5 8 |  8.2
Throwing       | 1 |  1.9

Action                     |  1- 3 |  4- 6 |  7- 9 | 10-12 | 13-15 || total
---------------------------+-------+-------+-------+-------+-------++-------
  Melee: Spear             |    67 |     7 |       |       |       ||    74
         Headbutt          |     9 |     7 |    22 |    99 |    54 ||   191
         Punch             |     1 |       |     1 |       |       ||     2
         War axe           |       |    43 |   134 |   331 |       ||   508
         Broad axe         |       |       |       |   107 |   246 ||   353
  Throw: Dart              |       |       |       |     2 |     3 ||     5
         Boomerang         |       |       |       |       |    11 ||    11
 Invoke: Trog's Hand       |       |       |       |     1 |       ||     1
         Brothers in Arms  |       |       |       |     1 |       ||     1
    Use: Scroll            |       |       |       |    12 |     3 ||    15
         Potion            |       |       |       |       |     4 ||     4
   Stab: Sleeping          |       |       |       |     2 |       ||     2
 Armour: Ring mail         |    48 |    26 |    65 |       |   127 ||   266
         Animal skin       |     1 |       |       |       |       ||     1
         Quicksilver drago |       |       |    39 |   210 |    18 ||   267
  Dodge: Dodged            |    50 |    26 |    90 |   198 |   192 ||   556
  Block: Kite shield       |       |       |       |   122 |   112 ||   234

Table legend: (Time is in decaauts)
 A = Elapsed time spent in this place.
 B = Non-inter-level travel time spent in this place.
 C = Inter-level travel time spent in this place.
 D = Time resting spent in this place.
 E = Time spent auto-exploring this place.
 F = Levels seen in this place.
 G = Mean time per level.
                   A        B        C        D        E       F      G
               +--------+--------+--------+--------+--------+-----+--------+
         Total |  13807 |  13804 |      3 |    883 |   9790 |  14 |  986.2 |
       Dungeon |  13764 |  13761 |      3 |    881 |   9780 |  13 | 1058.8 |
        Depths |     42 |     42 |      0 |      2 |     10 |   1 |   42.0 |
               +--------+--------+--------+--------+--------+-----+--------+

Top non-repeatable levels by time:
     D:9: 2099 daAuts
    D:15: 1824 daAuts
     D:6: 1384 daAuts
    D:14: 1347 daAuts
     D:7: 1247 daAuts
     D:8: 1067 daAuts
    D:13: 926 daAuts
    D:10: 866 daAuts
    D:11: 767 daAuts
    D:12: 752 daAuts
     D:2: 673 daAuts
     D:1: 672 daAuts
     D:3: 134 daAuts
Depths:1: 42 daAuts
